AoeStats
← Mr. Penis

African Clearing

505408194Analyzed
4v4 RM · 22d ago on Sep 9, 2026· 42m 8s· 8 players
Game mode
Random Map
Map size
Large (8 player)
Population
200
Speed
Normal
Resources
Standard
Victory
Conquest
Starting age
Dark Age
Ending age
Imperial Age
RankedLock teamsTeams togetherTeam positionsShared explorationLock speedFull tech treeHidden civsTurbo modeCheats
Victory
Defeat
1214
+16
🇲🇽 Georgians · Mexico
1209
+16
🇺🇸 Huns · United States
1208
+16
🇺🇸 Mongols · United States
1174
+18
🇹🇼 Vietnamese · Taiwan
1246
-18
🇹🇼 Magyars · Taiwan
1245
-18
🇷🇺 Jurchens · Russia
1211
-16
🇨🇳 Spanish · China
1163
-14
peona
11:07 Loom
14:01 Feudal Age
14:57 Horse Collar
17:43 Castle Age
17:14 Double-Bit Axe
19:15 Bow Saw
20:13 Heavy Plow
21:29 Wheelbarrow
25:11 Stone Mining
27:16 Gold Mining
28:20 Hand Cart
27:56 Town Watch
29:21 Marauders
30:05 Gold Shaft Mining
32:36 Imperial Age
30:17 Scale Barding Armor
30:23 Forging
30:42 Husbandry
30:52 Bloodlines
32:06 Chain Barding Armor
32:59 Iron Casting
33:56 Plate Barding Armor
33:46 Conscription
35:55 Blast Furnace
34:19 Elite Tarkan
41:15 Coinage
40:56 Guilds
41:04 Padded Archer Armor
40:55 Fletching
40:27 Cavalier
40:27 Light Cavalry
41:42 Paladin
rambo
14:16 Feudal Age
13:45 Loom
15:06 Double-Bit Axe
21:48 Fletching
21:59 Padded Archer Armor
26:48 Wheelbarrow
28:38 Castle Age
30:13 Wheelbarrow
30:26 Wheelbarrow
30:13 Bow Saw
31:21 Horse Collar
33:29 Stone Mining
36:07 Wheelbarrow
41:06 Hand Cart
beLIEve deaf, blind guy playing
5:30 Loom
13:00 Feudal Age
17:30 Town Watch
17:37 Double-Bit Axe
22:25 Castle Age
23:30 Castle Age
23:19 Fletching
23:32 Elite Skirmisher
24:54 Bodkin Arrow
28:37 Padded Archer Armor
40:10 Horse Collar
MZTK | Puppet
11:47 Loom
13:33 Feudal Age
17:56 Castle Age
17:22 Double-Bit Axe
20:24 Bow Saw
24:11 Forging
28:13 Bloodlines
28:04 Husbandry
30:27 Horse Collar
31:51 Scale Barding Armor
36:09 Iron Casting
36:13 Chain Barding Armor
43:22 Wheelbarrow
42:32 Town Watch
Mr. Penis
15:29 Feudal Age
13:50 Loom
19:20 Castle Age
18:04 Fletching
19:29 Double-Bit Axe
19:26 Horse Collar
21:03 Bow Saw
28:10 Wheelbarrow
27:20 Town Watch
28:44 Fervor
30:01 Sanctity
31:52 Heavy Plow
31:46 Gold Mining
31:46 Stone Mining
32:32 Stone Mining
33:35 Hand Cart
33:05 Town Watch
38:10 Imperial Age
36:26 Town Patrol
37:05 Gold Shaft Mining
37:05 Stone Shaft Mining
37:02 Husbandry
37:25 Scale Barding Armor
37:31 Forging
37:50 Bloodlines
40:02 Crop Rotation
41:09 Fortified Wall
unknow
7:25 Loom
12:38 Loom
16:05 Feudal Age
20:04 Castle Age
17:59 Man-at-Arms
20:50 Squires
21:31 Bloodlines
24:56 Horse Collar
25:40 Double-Bit Axe
33:13 Husbandry
33:05 Gold Mining
34:30 Pikeman
34:56 Gambesons
40:14 Heavy Plow
39:41 Light Cavalry
41:01 Forging
40:52 Scale Mail Armor
40:59 Scale Barding Armor
42:14 Wheelbarrow
41:25 Town Watch
yoooo147
5:20 Loom
12:12 Feudal Age
13:10 Double-Bit Axe
14:32 Fletching
22:27 Castle Age
25:54 Crossbowman
26:49 Bodkin Arrow
28:07 Padded Archer Armor
30:44 Gold Mining
31:44 Wheelbarrow
39:54 Bow Saw
43:54 Imperial Age
MAVERICK
3:01 Loom
12:48 Feudal Age
14:14 Double-Bit Axe
19:17 Bloodlines
22:06 Castle Age
22:10 Fletching
22:35 Padded Archer Armor
23:13 Bodkin Arrow
26:23 Husbandry
30:44 Town Watch
34:34 Ballistics
38:42 Thumb Ring
Connection lost

Rejoining the realm…

Still unreachable

The connection could not be restored.

Session expired

The server has moved on; the page needs a fresh start.